 Dungeon Crawl Stone Soup version 0.28-a0-1382-g92835e5c71 (webtiles) character file.

Game seed: 10947641534785883422

23 sanka the Caller (level 3, 25/25 HPs)
             Began as a Gnoll Summoner on Jan 1, 2022.
             Quit the game on level 2 of the Dungeon.
             The game lasted 00:01:55 (829 turns).

sanka the Caller (Gnoll Summoner)                    Turns: 829, Time: 00:01:55

Health: 25/25      AC:  2    Str:  9    XL:     3   Next: 0%
Magic:  6/9        EV: 13    Int: 14    God:
Gold:   43         SH:  0    Dex: 12    Spells: 8/11 levels left

rFire   . . .      SeeInvis .   f - +0 short sword
rCold   . . .      Faith    .   (no shield)
rNeg    . . .      Spirit   .   a - +0 robe
rPois   .          Reflect  .   (no helmet)
rElec   .          Harm     .   (no cloak)
rCorr   .          Rampage  .   (no gloves)
Will    .....                   (no boots)
Stlth   ++........              (no amulet)
HPRegen 0.08/turn               (no ring)
MPRegen 0.11/turn               (no ring)

@: no status effects
A: fangs 1, strong nose, distributed training
a: no special abilities


You were on level 2 of the Dungeon.
You visited 1 branch of the dungeon, and saw 2 of its levels.

You collected 43 gold pieces.


Innate Abilities, Weirdness & Mutations

You have very sharp teeth.
Your uncanny sense of smell can sniff out nearby items.
Your experience applies equally to all skills.


   Skills:
 + Level 0.5 Fighting
 + Level 0.5 Short Blades
 + Level 0.5 Long Blades
 + Level 0.5 Axes
 + Level 0.5 Maces & Flails
 + Level 0.5 Polearms
 + Level 0.5 Staves
 + Level 0.5 Slings
 + Level 0.5 Bows
 + Level 0.5 Crossbows
 + Level 0.5 Throwing
 + Level 0.5 Armour
 + Level 4.5 Dodging
 + Level 4.1 Stealth
 + Level 0.5 Shields
 + Level 0.5 Unarmed Combat
 + Level 4.9 Spellcasting
 + Level 0.4 Conjurations
 + Level 0.4 Hexes
 + Level 7.0 Summonings
 + Level 0.4 Necromancy
 + Level 0.4 Translocations
 + Level 0.4 Transmutations
 + Level 0.4 Fire Magic
 + Level 0.4 Ice Magic
 + Level 0.4 Air Magic
 + Level 0.4 Earth Magic
 + Level 0.4 Poison Magic
 + Level 0.7 Invocations
 + Level 0.5 Evocations


You had 8 spell levels left.
You knew the following spells:

 Your Spells              Type           Power      Damage    Failure   Level
x - Call Imp              Summ           23%        N/A       1%          2
z - Summon Small Mammal   Summ           92%        N/A       1%          1

Your spell library contained the following spells:

 Spells                   Type           Power      Damage    Failure   Level
 Call Canine Familiar     Summ           23%        N/A       2%          3
 Summon Guardian Golem    Hex/Summ       13%        N/A       12%         3
 Summon Lightning Spire   Summ/Air       13%        N/A       36%         4
 Tukima's Dance           Hex            4%         N/A       41%         3
 Passage of Golubria      Tloc           4%         N/A       83%         4
 Yara's Violent Unravell  Hex/Tmut       2%         3d3       99%         5

Inventory:

Hand Weapons
 f - a +0 short sword (weapon)
Missiles
 g - 2 javelins
Armour
 a - a +0 robe (worn)
Scrolls
 c - a scroll of teleportation {unknown}
 d - a scroll of fear {unknown}
 e - a scroll of noise {unknown}
Potions
 b - a potion of cancellation {unknown}
 h - a potion of haste {unknown}

Dungeon Overview and Level Annotations

Branches:
Dungeon (2/15)

Altars:

▒.......>.....▒
▒.........(....
▒.........▒..▒▒
▒.........▒...
▒▒.....▒▒▒▒.▒.
▒.....▒▒ ▒.▒
▒......▒▒▒.▒ ▒
▒..........▒▒.▒
▒▒▒▒▒▒▒▒▒g5...▒
▒▒)▒.....
▒..:.......▒▒
▒..g.........▒
...)...(..J...▒
...S..........▒
.............£▒
..............▒
..............▒


You could see an endoplasm and a friendly white imp (summoned).


Message History

a +0 dagger; a kobold corpse
Found a stone staircase leading up.
You now have 39 gold pieces (gained 8).
Found a hunting sling.
Found 4 gold pieces.
Found Great Wizards, Vol.
VII and a white potion.
You pick up Great Wizards, Vol.
VII and begin reading...
You add the spells Tukima's Dance, Passage of Golubria and Yara's Violent Unravelling to your library.
h - a white potion You now have 43 gold pieces (gained 4).
A goblin comes into view. It is wielding a +0 dagger.
A goblin is nearby!
Found 14 arrows and 12 gold pieces.
A ball python, an endoplasm and a goblin come into view.
Found a book of Burglary and a whip.
A beastly little devil appears in a puff of frigid air.
The goblin shouts!
The goblin shouts!
The ball python hisses angrily.
You barely miss the goblin. The goblin misses you.
Your white imp hits the goblin.
Your white imp freezes the goblin.
The goblin dies!
You have reached level 3!
Your experience leads to an increase in your attributes!
Increase (s)trength, (i)ntelligence, or (d)exterity?
You feel stronger.
You feel stronger.
Are you sure you want to abandon this character and quit the game? (Confirm with "yes".)

Action                   || total
-------------------------++-------
Melee: Unarmed           ||    26
       Bite              ||     1
       Short sword       ||     1
 Cast: Summon Small Mamm ||    10
       Call Imp          ||     5
 Stab: Sleeping          ||     1
Armor: Robe              ||     3
Dodge: Dodged            ||    31

Levels and vault maps discovered:
D:1:      amcnicky_arrival_gap_in_the_tavern_cellar, layout_rooms,
          dreamdust_ecumenical_altar_sealed_demon
D:2:      layout_rooms, minmay_snake_closets

Notes
Turn   | Place    | Note
-------+----------+-------------------------------------------
     0 | D:1      | sanka the Gnoll Summoner began the quest for the Orb.
     0 | D:1      | Reached XP level 1. HP: 13/13 MP: 6/6
   166 | D:1      | Reached XP level 2. HP: 15/19 MP: 4/7
   270 | D:1      | Learned a level 2 spell: Call Imp
   471 | D:1      | Found a faded altar of an unknown god.
   829 | D:2      | Reached XP level 3. HP: 25/25 MP: 6/9
   829 | D:2      | Quit the game

Vanquished Creatures
  A goblin (D:1)
  A quokka (D:1)
  A frilled lizard (D:1)
  A rat (D:1)
4 creatures vanquished.

Vanquished Creatures (collateral kills)
  2 endoplasms (D:1)
  4 giant cockroaches (D:1)
  2 goblins
  3 ball pythons (D:1)
  A bat (D:1)
  4 kobolds
  2 rats (D:1)
18 creatures vanquished.

Vanquished Creatures (others)
  2 demonic plants (D:1)
2 creatures vanquished.

Grand Total: 24 creatures vanquished
